 Dungeon Crawl Stone Soup version 0.23.2-1-ga50397a (webtiles) character file.

Game seed: 14846250790827270376

116144 Fang the Warrior (level 16, -1/110 HPs)
             Began as a Gargoyle Berserker on May 14, 2019.
             Was a High Priest of Trog.
             Slain by a sea snake (10 damage)
             ... on level 1 of the Shoals on May 15, 2019.
             The game lasted 00:37:42 (26717 turns).

Fang the Warrior (Gargoyle Berserker)              Turns: 26717, Time: 00:37:43

Health: -1/110     AC: 33    Str: 34    XL:     16   Next: 70%
Magic:  16/16      EV: 14    Int:  9    God:    Trog [*****.]
Gold:   2680       SH:  0    Dex:  9    Spells: 15/15 levels left

rFire    + . .     SeeInvis +   a - +4 war axe
rCold    + . .     Gourm    .   (no shield)
rNeg     + . .     Faith    .   e - +3 plate armour of Tartarus {Str+7 Slay-3}
rPois    ∞         Spirit   .   h - +2 hat {SInv}
rElec    +         Reflect  .   t - scarf {rC+ rF+}
rCorr    .         Harm     .   (no gloves)
MR       +++..                  (no boots)
Stlth    ..........             (no amulet)
HPRegen  1.28/turn              f - +2 ring of slaying
MPRegen  0.15/turn              x - ring "Kuh Ikho" {+Inv rPois}

@: marked, berserk cooldown, flying, mesmerised, regenerating, slowed, very slow
A: big wings, negative energy resistance 1, electricity resistance, unbreathing,
petrification resistance, rot immunity, AC +12
a: Stop Flying, Berserk, Trog's Hand, Brothers in Arms, Renounce Religion, Evoke
Invisibility


You were on level 1 of the Shoals.
You worshipped Trog.
Trog was extremely pleased with you.
You were not hungry.

You visited 7 branches of the dungeon, and saw 27 of its levels.
You also visited: Bailey.

You collected 2680 gold pieces.

Inventory:

Hand Weapons
 a - a +4 war axe (weapon)
 o - a +1 antimagic executioner's axe
 H - a +1 battleaxe of flaming
 L - a +2 antimagic broad axe
 O - a +5 antimagic battleaxe
Armour
 b - a +5 plate armour
 e - the +3 plate armour of Tartarus (worn) {Str+7 Slay-3}
   (You found it on level 6 of the Lair of Beasts)

   It affects your strength (+7).
   It affects your accuracy and damage with ranged weapons and melee attacks
   (-3).
 h - a +2 hat of see invisible (worn)
 t - a scarf of resistance (worn)
 D - a +2 cloak
Jewellery
 f - a +2 ring of slaying (left hand)
 i - an uncursed ring of positive energy
 r - an uncursed ring of protection from fire
 x - the ring "Kuh Ikho" (right hand) {+Inv rPois}
   (You found it on level 4 of the Dungeon)

   [ring of poison resistance]

   It protects you from poison.
   It lets you turn invisible.
 C - a +2 ring of protection
 K - an uncursed ring of stealth
Wands
 s - a wand of polymorph (24)
 y - a wand of iceblast (15)
 E - a wand of digging (3)
 F - a wand of random effects (18)
 G - a wand of flame (43)
 I - a wand of paralysis (8)
 J - a wand of acid (19)
 M - a wand of scattershot (4)
Scrolls
 d - 5 scrolls of fear
 j - 8 scrolls of teleportation
 k - 12 scrolls of remove curse
 v - a scroll of magic mapping
 B - 5 scrolls of fog
Potions
 l - 2 potions of agility
 m - a potion of cancellation
 n - 2 potions of ambrosia
 p - a potion of haste
 q - 8 potions of curing
 w - 6 potions of might
 z - 2 potions of resistance
 A - 3 potions of mutation
Comestibles
 c - 34 rations


   Skills:
 + Level 16.1 Fighting
 + Level 13.8 Axes
 + Level 15.1 Armour
 + Level 12.0 Dodging


You had 15 spell levels left.
You didn't know any spells.
Your spell library was empty.

Dungeon Overview and Level Annotations

Branches:
Dungeon (15/15)            Temple (1/1) D:5            Lair (6/6) D:10
 Shoals (1/4) Lair:3       Spider (0/4) Lair:3        Slime (0/5) Lair:6
    Orc (2/2) D:10            Elf (1/3) Orc:2        Depths (0/5) D:15
   Hell (1/1)
 Vaults: D:13-14        Dis: Hell:1         Geh: Hell:1         Coc: Hell:1
    Tar: Hell:1

Altars:
Cheibriados
Dithmenos
Elyvilon
Fedhas
Kikubaaqudgha
Makhleb
Okawaru
Ru
Uskayaw
Vehumet
Wu Jian
Yredelemnul
The Shining One
Jiyva

Shops:
D:5 ?   Orc:1 [   Orc:2 ((}(

Portals:
Hell: Lair:6
Trove: D:13 (give 2 scrolls of acquirement)

Annotations:
D:12 exclusions: ice statue and orange crystal statue
D:13 2 runed translucent doors
Lair:3 exclusion: oklob plant
Hell Geryon


Innate Abilities, Weirdness & Mutations

You are resistant to torment.
Your stone body is resilient. (AC +12)
You are immune to poison.
Your large and strong wings let you fly indefinitely.
You resist negative energy. (rN+)
You are resistant to electric shocks. (rElec)
You can survive without breathing.
You are immune to petrification.
You are immune to rotting.


Message History

The sea snake is moderately wounded.
You slash the hippogriff!
You kill the hippogriff!
Trog accepts your kill.
The centaur shoots an arrow.
The arrow barely misses you.
You hear a splash.
The sea snake bites you but does no damage.
The centaur shoots an arrow.
The arrow closely misses you.
The merfolk avatar chants its luring song.
You barely miss the sea snake.
The sea snake is moderately wounded.
The centaur shoots an arrow.
The arrow hits you.
* * * LOW HITPOINT WARNING * * *
You hear a splash.
The sea snake bites you but does no damage.
The merfolk avatar chants its luring song.
The centaur shoots an arrow.
The arrow hits you but does no damage.
You hear a splash.
The sea snake bites you!
You die...

≈≈≈≈≈≈≈≈≈≈≈≈≈≈≈≈≈≈≈≈≈≈†
≈≈≈≈≈≈≈≈≈≈≈≈≈≈≈≈≈≈≈≈≈≈≈≈
≈≈≈≈≈≈≈≈≈≈≈≈≈≈≈≈≈≈≈≈≈≈≈≈
≈≈≈≈≈≈≈≈≈≈≈≈≈≈≈≈≈≈≈≈≈≈≈.
≈≈≈≈≈≈≈≈≈≈≈≈≈≈≈≈≈≈≈≈≈≈..
≈≈≈≈≈≈≈≈≈≈≈≈≈≈≈≈≈≈≈≈≈≈..
≈≈≈≈≈≈≈≈≈≈≈≈≈≈....≈≈≈≈≈.
≈≈≈≈≈≈≈≈≈≈≈≈≈≈.......≈≈.
..≈≈≈mS@≈#†#≈≈....
...≈≈≈≈#)≈≈≈≈#≈...
...≈≈≈≈≈≈≈≈≈≈≈≈≈.#
...≈≈#≈≈≈≈≈≈≈.≈#.#
...c≈≈≈≈≈≈≈≈≈.....
...≈#≈≈≈≈≈≈≈≈≈..# ≈≈≈
...≈≈≈≈≈≈≈..≈
≈≈≈c#..≈≈≈≈≈≈≈..


You could see a merfolk avatar, a sea snake and a centaur.

Vanquished Creatures
  Gastronok (Lair:2)
  A fire giant (D:15)
  2 entropy weavers (Lair:6)
  Azrael (D:15)
  Snorg (Lair:4)
  Harold (D:7)
  12 hydras
  A catoblepas (Lair:6)
  3 centaur warriors
  A two-headed ogre (Orc:2)
  A queen ant (Lair:6)
  3 merfolk aquamancers (Shoals:1)
  3 tengu warriors
  5 death yaks (Lair:6)
  Sonja (Lair:2)
  A deep elf knight (D:15)
  3 skeletal warriors (D:15)
  2 sea snakes (Shoals:1)
  Pikel (D:8)
  A wizard (Lair:6)
  4 orc knights
  A lindwurm (Lair:3)
  3 ugly things
  An orb spider (shapeshifter) (D:15)
  A faun (Shoals:1)
  6 manticores
  3 cyclopes
  16 elephants
  Joseph (D:7)
  7 black mambas
  14 spiny frogs
  A gargoyle (D:12)
  A kobold demonologist (D:10)
  An efreet (D:15)
  2 rime drakes (Lair:6)
  12 komodo dragons
  8 trolls
  A meliai (shapeshifter) (D:15)
  A troll (shapeshifter) (D:15)
  A polar bear (Lair:6)
  A hornet (D:8)
  A snapping turtle (Lair:3)
  4 slime creatures (D:13)
  21 blink frogs
  10 hippogriffs
  3 redbacks (Lair:3)
  A spriggan (Lair:4)
  5 wyverns
  2 wraiths (D:12)
  2 vampires
  A water elemental (Shoals:1)
  A basilisk (Lair:6)
  71 yaks
  4 fire elementals (D:15)
  4 hogs (D:9)
  A human (D:9)
  3 hungry ghosts
  20 soldier ants
  3 acid dragons
  5 wargs
  14 water moccasins
  8 hell hounds
  12 porcupines
  5 phantoms
  40 orc warriors
  A necrophage (D:9)
  3 ice beasts
  2 sky beasts
  An eye of draining (D:13)
  10 ogres
  18 centaurs
  A wolf (Lair:1)
  13 crocodiles
  Blork the orc (D:5)
  12 bullfrogs
  3 big kobolds (D:11)
  A wyvern zombie (D:8)
  A gnoll sergeant (D:9)
  4 scorpions
  A killer bee (D:11)
  6 crimson imps
  An electric eel (Bailey)
  5 howler monkeys
  3 hounds
  6 jellies
  2 quasits (D:11)
  6 centaur skeletons
  21 orc priests
  Crazy Yiuf (D:7)
  2 bullfrog skeletons (D:11)
  A bullfrog zombie (D:11)
  3 iguanas
  29 orc wizards
  27 worker ants
  A hound skeleton (D:3)
  A howler monkey zombie (D:11)
  3 worker ant zombies
  12 gnolls
  13 adders
  A howler monkey skeleton (D:11)
  3 shadow imps
  An ooze (D:7)
  An adder skeleton (D:9)
  2 adder zombies
  3 worms (D:4)
  A dart slug (D:1)
  2 leopard geckos (D:3)
  89 orcs
  7 giant cockroaches
  10 hobgoblins
  8 jackals
  23 kobolds
  4 quokkas
  2 ball pythons (D:1)
  6 bats
  6 frilled lizards
  14 goblins
  A quokka skeleton (D:5)
  4 rats
  5 fungi
  2 plants
782 creatures vanquished.

Vanquished Creatures (collateral kills)
  A sun demon (Lair:6)
  5 ugly things (D:15)
  2 water nymphs (Shoals:1)
  2 orange demons (Lair:6)
  An ice devil (Lair:6)
  A hellwing (Lair:6)
  2 red devils (Lair:6)
  2 blink frogs (Lair:6)
  2 water elementals (Shoals:1)
  6 soldier ants (Lair:6)
  A hell hound (Lair:6)
  3 worker ants (Lair:6)
  A plant (Lair:6)
29 creatures vanquished.

Vanquished Creatures (others)
  A water nymph (Shoals:1)
  A quokka zombie (D:8)
  A bush (Lair:4)
  6 fungi
  16 plants
25 creatures vanquished.

Grand Total: 836 creatures vanquished

Notes
Turn   | Place    | Note
-------+----------+-------------------------------------------
     0 | D:1      | Fang the Gargoyle Berserker began the quest for the Orb.
     0 | D:1      | Reached XP level 1. HP: 14/14 MP: 1/1
   173 | D:1      | Reached XP level 2. HP: 19/19 MP: 2/2
   308 | D:1      | You fall through a shaft!
   329 | D:2      | Reached XP level 3. HP: 17/23 MP: 3/3
   409 | D:2      | Found a faded altar of an unknown god.
   835 | D:1      | Reached ** piety under Trog
   972 | D:1      | Reached XP level 4. HP: 29/29 MP: 4/4
  1376 | D:3      | Noticed an ogre
  1382 | D:3      | Killed an ogre
  1382 | D:3      | Reached skill level 4 in Fighting
  1382 | D:3      | Reached XP level 5. HP: 12/33 MP: 5/5
  2410 | D:4      | Reached XP level 6. HP: 26/39 MP: 6/6
  2497 | D:4      | Got a vibrating silver ring
  2562 | D:4      | Identified the ring "Kuh Ikho" {+Inv rPois} (You found it
                  | on level 4 of the Dungeon)
  2822 | D:4      | Noticed a phantom
  2870 | D:4      | Killed a phantom
  2989 | D:4      | Reached skill level 5 in Fighting
  3240 | D:5      | Entered Level 5 of the Dungeon
  3245 | D:5      | Found a staircase to the Ecumenical Temple.
  3252 | D:5      | Reached XP level 7. HP: 44/44 MP: 7/7
  3258 | Temple   | Entered the Ecumenical Temple
  3637 | D:5      | Found Purig's Magic Scroll Shoppe.
  3660 | D:5      | Reached skill level 5 in Armour
  3775 | D:5      | Reached XP level 8. HP: 49/51 MP: 8/8
  3780 | D:5      | Reached *** piety under Trog
  3793 | D:5      | Noticed Blork the orc
  3804 | D:5      | Killed Blork the orc
  3934 | D:6      | Reached skill level 6 in Fighting
  3934 | D:6      | Reached skill level 5 in Axes
  4103 | D:6      | Identified a scroll of acquirement
  4465 | D:6      | You fall through a shaft!
  4557 | D:7      | Noticed a hippogriff
  4565 | D:7      | Killed a hippogriff
  4565 | D:7      | Reached XP level 9. HP: 51/56 MP: 9/9
  4636 | D:7      | Noticed Harold
  4651 | D:7      | Killed Harold
  4651 | D:7      | Reached skill level 7 in Fighting
  4651 | D:7      | Reached skill level 5 in Dodging
  4724 | D:7      | Found a runed translucent door.
  4725 | D:7      | Noticed Crazy Yiuf
  5371 | D:7      | Noticed Joseph
  5389 | D:7      | Killed Joseph
  5389 | D:7      | Reached skill level 8 in Fighting
  5784 | D:7      | Killed Crazy Yiuf
  6096 | D:8      | Noticed a hornet
  6129 | D:8      | Killed a hornet
  6288 | D:8      | Reached **** piety under Trog
  6314 | D:8      | Reached XP level 10. HP: 62/64 MP: 10/10
  6451 | D:8      | Noticed Pikel
  6463 | D:8      | Killed Pikel
  6929 | D:9      | Reached skill level 9 in Fighting
  6979 | D:9      | Found a blossoming altar of Fedhas.
  7482 | D:9      | Reached XP level 11. HP: 61/71 MP: 11/11
  7484 | D:9      | Reached ***** piety under Trog
  7847 | D:10     | Entered Level 10 of the Dungeon
  7876 | D:10     | Reached skill level 10 in Fighting
  8006 | D:10     | Found a staircase to the Orcish Mines.
  8232 | D:10     | Found a flagged portal.
  8241 | Bailey   | Entered a bailey
  8291 | Bailey   | Reached skill level 10 in Armour
  8407 | Bailey   | Found the +5 robe of Misfortune {*Contam Harm *Corrode
                  | *Drain *Slow EV+5}
  8407 | Bailey   | Found an iron altar of Okawaru.
  8407 | Bailey   | Noticed an orc high priest
  8837 | D:10     | Found a staircase to the Lair.
  9088 | D:11     | Noticed a cyan ugly thing
  9089 | D:11     | Noticed a five-headed hydra
  9458 | Lair:1   | Entered Level 1 of the Lair of Beasts
  9630 | Orc:1    | Entered Level 1 of the Orcish Mines
  9699 | D:11     | You fall through a shaft!
  9742 | D:12     | Noticed a cyan ugly thing
  9745 | D:12     | Noticed a manticore
  9753 | D:12     | Killed a cyan ugly thing
  9774 | D:12     | Killed a manticore
 10230 | D:12     | Found a snail-covered altar of Cheibriados.
 10469 | D:12     | Reached XP level 12. HP: 73/79 MP: 12/12
 10470 | D:12     | Received a gift from Trog
 10762 | D:12     | Reached skill level 11 in Fighting
 11013 | D:11     | Noticed a tengu warrior
 11013 | D:11     | Noticed a tengu warrior
 11022 | D:11     | Killed a tengu warrior
 11024 | D:11     | Killed a tengu warrior
 11168 | D:11     | Noticed a six-headed hydra
 11178 | D:11     | Killed a two-headed hydra
 11676 | D:11     | Killed a three-headed hydra
 11676 | D:11     | Reached skill level 10 in Axes
 12046 | Lair:1   | Reached skill level 12 in Fighting
 12046 | Lair:1   | Reached XP level 13. HP: 87/87 MP: 13/13
 12121 | Lair:1   | Reached skill level 13 in Fighting
 12733 | Lair:1   | Gained mutation: Your large and strong wings let you fly
                  | indefinitely. [Gargoyle growth]
 12733 | Lair:1   | Reached XP level 14. HP: 78/94 MP: 14/14
 13228 | Lair:2   | Noticed Sonja
 13517 | Lair:2   | Killed Sonja
 14478 | Lair:2   | Noticed Gastronok
 14497 | Lair:2   | Killed Gastronok
 14927 | Lair:3   | Found a hole to the Spider Nest.
 15143 | Lair:3   | Found a staircase to the Shoals.
 15372 | Lair:3   | Received a gift from Trog
 15372 | Lair:3   | Reached skill level 10 in Dodging
 16033 | Lair:3   | Reached ****** piety under Trog
 16039 | Lair:3   | Reached skill level 14 in Fighting
 16700 | Lair:4   | Noticed Snorg
 16718 | Lair:4   | Killed Snorg
 17613 | Lair:5   | Reached XP level 15. HP: 55/101 MP: 15/15
 18741 | Lair:6   | Entered Level 6 of the Lair of Beasts
 19169 | Lair:6   | Received a gift from Trog
 19701 | Lair:6   | Got a scorched plate armour
 19712 | Lair:6   | Identified the +3 plate armour of Tartarus {Str+7 Slay-3}
                  | (You found it on level 6 of the Lair of Beasts)
 19719 | Lair:6   | Found a staircase to the Slime Pits.
 19722 | Lair:6   | Found a viscous altar of Jiyva.
 19832 | Lair:6   | Reached skill level 15 in Fighting
 20557 | Lair:6   | Received a gift from Trog
 20576 | Lair:6   | Found a burning altar of Makhleb.
 20622 | Lair:6   | Found a gateway to Hell.
 20632 | Hell     | Entered the Vestibule of Hell
 20632 | Hell     | Noticed Geryon
 21749 | D:13     | Reached XP level 16. HP: 100/108 MP: 11/16
 21771 | D:13     | Found a runed translucent door.
 21772 | D:13     | Found the +2 shield of Resistance {rF+ rC+ MR+}
 21785 | D:13     | Found a runed translucent door.
 21796 | D:13     | Found a portal to a secret trove of treasure.
 22363 | D:14     | You are sucked into a shaft!
 22363 | D:15     | Entered Level 15 of the Dungeon
 22409 | D:15     | Received a gift from Trog
 22727 | D:15     | Found an iron altar of Okawaru.
 22771 | D:15     | Noticed Azrael
 22790 | D:15     | Killed Azrael
 23801 | D:15     | Found a staircase to the Depths.
 24552 | Orc:1    | Found Inehijumn's Armour Shoppe.
 24643 | Orc:1    | Received a gift from Trog
 25093 | Orc:2    | Entered Level 2 of the Orcish Mines
 25248 | Orc:2    | Found a staircase to the Elven Halls.
 25266 | Orc:2    | Received a gift from Trog
 26098 | Orc:2    | Found Engairel's Weapon Shop.
 26098 | Orc:2    | Found Plog's Gadget Shoppe.
 26100 | Orc:2    | Found Siotiot's Antique Weapon Emporium.
 26117 | Orc:2    | Found Urozeu's Antique Weapon Boutique.
 26258 | Elf:1    | Entered Level 1 of the Elven Halls
 26395 | Shoals:1 | Entered Level 1 of the Shoals
 26404 | Shoals:1 | Reached skill level 15 in Armour
 26455 | Shoals:1 | Reached skill level 16 in Fighting
 26696 | Shoals:1 | HP: 4/165 [merfolk aquamancer/torrent of water (7)]
 26708 | Shoals:1 | HP: 4/110 [sea snake (9)]
 26717 | Shoals:1 | Slain by a sea snake

Skill      XL: |  1  2  3  4  5  6  7  8  9 10 11 12 13 14 15 16 |
---------------+-------------------------------------------------+-----
Axes           | 3 4 5 6 8 9 11 12 13 | 13.8
Dodging        | 2 3 4 5 7 8 9 10 11 12 | 12.0
Armour         | 3 4 5 6 7 9 10 11 13 14 15 | 15.1
Fighting       | 4 5 6 8 9 10 12 13 14 15 16 | 16.1

Action                   |  1- 3 |  4- 6 |  7- 9 | 10-12 | 13-15 | 16-18 || total
-------------------------+-------+-------+-------+-------+-------+-------++-------
Melee: Hand axe          |    87 |    50 |       |   184 |  1132 |       ||  1453
       War axe           |       |    71 |   263 |   455 |    59 |   348 ||  1196
       Battleaxe         |       |       |       |       |       |   170 ||   170
Invok: Berserk           |       |     2 |     4 |    10 |     8 |     3 ||    27
       Trog's Hand       |       |     1 |       |       |     1 |     3 ||     5
       Brothers in Arms  |       |       |       |     2 |     2 |     2 ||     6
 Abil: Evoke Invisibilit |       |     1 |       |       |       |       ||     1
       Fly               |       |       |       |       |     1 |       ||     1
  Use: Scroll            |       |       |    21 |     8 |     5 |     4 ||    38
       Potion            |       |       |       |     3 |     2 |     3 ||     8
  Eat: Chunk             |       |     7 |    10 |    27 |    40 |    11 ||    95
       Ration            |       |     1 |     1 |     1 |       |     3 ||     6
Armor: Animal skin       |    34 |    32 |    20 |       |       |       ||    86
       Plate armour      |       |       |   179 |   611 |   831 |   447 ||  2068
Dodge: Dodged            |    55 |    82 |   139 |   388 |   660 |   448 ||  1772
